 Dungeon Crawl Stone Soup version 0.24-a0-170-gd8427f5 (webtiles) character file.

Game seed: 1695270799681694253

220 Gunnerkreig the Conjurer (level 5, 6/57 HPs)
             Began as a Draconian Wizard on Mar 12, 2019.
             Quit the game on level 4 of the Dungeon.
             The game lasted 00:10:13 (3825 turns).

Gunnerkreig the Conjurer (Draconian Wizard)         Turns: 3825, Time: 00:10:14

Health: 6/57       AC: 22    Str:  9    XL:     5   Next: 64%
Magic:  0/11       EV:  2    Int: 19    God:
Gold:   185        SH:  0    Dex: 10    Spells: 5/12 levels left

rFire    . . .     SeeInvis .   k - +0 hunting sling (flame)
rCold    . . .     Gourm    .   (no shield)
rNeg     + + +     Faith    .   (armour unavailable)
rPois    +         Spirit   .   (helmet currently unavailable)
rElec    .         Reflect  .   (cloak currently unavailable)
rCorr    .         Harm     .   (gloves currently unavailable)
MR       .....     NoTele   +   (boots currently unavailable)
Stlth    ++........             (no amulet)
HPRegen  0.19/turn              (no ring)
MPRegen  0.12/turn              (no ring)

@: lethally poisoned (6 -> 0), tree-form, very slightly contaminated
A: unfitting armour, AC +5
a: no special abilities


You were on level 4 of the Dungeon.
You were hungry.
You were a tree.
You visited 1 branch of the dungeon, and saw 4 of its levels.

You collected 185 gold pieces.

Inventory:

Hand Weapons
 k - a +0 hunting sling of flaming (weapon)
Missiles
 b - 53 sling bullets
 f - 96 stones (quivered)
Armour
 a - a +0 hat (melded)
Magical Staves
 n - an uncursed staff of air
Scrolls
 d - 3 scrolls of remove curse
 e - a scroll of fear {unknown}
 g - a scroll of enchant armour {unknown}
 h - 2 scrolls of magic mapping
 i - 2 scrolls of enchant weapon
 o - 2 scrolls of teleportation {unknown}
 p - a scroll of immolation
 q - a scroll of fog
Potions
 j - a potion of brilliance
Comestibles
 c - 8 rations


   Skills:
 - Level 1.7 Dodging
 - Level 1.7 Stealth
 + Level 4.2 Spellcasting
 * Level 4.6 Conjurations
   Level 1.0 Summonings
   Level 1.0 Translocations


You had 5 spell levels left.
You knew the following spells:

 Your Spells              Type           Power        Failure   Level  Hunger
a - Magic Dart            Conj           ###.         1%          1    None
b - Conjure Flame         Conj/Fire      ##......     16%         3    ###....
c - Mephitic Cloud        Conj/Pois/Air  #.......     22%         3    ###....

Your spell library contained the following spells:

 Spells                   Type           Power        Failure   Level  Hunger
 Blink                    Tloc           N/A          14%         2    #......
 Call Imp                 Summ           #.......     14%         2    #......
 Slow                     Hex            #.......     21%         2    #......


Dungeon Overview and Level Annotations

Branches:
Dungeon (4/15)             Temple (0/1) D:4

Altars:
Ashenzari
Dithmenos
Gozag
Qazlal
Trog


Innate Abilities, Weirdness & Mutations

((Your plain brown scales are hard. (AC +5)))
You cannot fit into any form of body armour.
((You are cold-blooded and may be slowed by cold attacks.))


Message History

* * * LOW HITPOINT WARNING * * *
Casting: Magic Dart (safe; 2% risk of failure)
Confirm with . or Enter, or press ? or * to list all spells.
Aiming: Magic Dart (safe; 2% risk of failure)
Press: ? - help, Shift-Dir - straight line, f/p - scorpion
Aim: a scorpion (almost dead)
The magic dart hits the scorpion.
You kill the scorpion!
* * * LOW HITPOINT WARNING * * *
You feel sick.
Okay, then.
Really quaff the potion of lignification?
You turn into a tree.
Your +0 hat melds into your body.
Your roots penetrate the ground.
* * * LOW HITPOINT WARNING * * *
You feel sick.
Unknown command.
There is a lethal amount of poison in your body!
There is a lethal amount of poison in your body!
Are you sure you want to abandon this character and quit the game? (Confirm with "yes".)

***,**,,,,!..#*#..,*#
*....##,,,....##(.,..
#*,....,###*#....(#,#.
##.,....,,.........####
#..##...*.#..(.*#..##..
#......##.#*...##......
#........####.##....##.
**#...........##..####.
**#.♣†.....(.(..#....
#.....#..(..s.......
##..###....).......#
#### #...<........#
#####........#
##..##.... ######...
####


There were no monsters in sight!

Vanquished Creatures
  A scorpion (D:4)
  A jelly (D:3)
  A howler monkey (D:3)
  An adder (D:4)
  A howler monkey skeleton (D:4)
  An ooze (D:1)
  2 worms
  A dart slug (D:1)
  A leopard gecko (D:1)
  9 orcs
  2 giant cockroaches (D:1)
  5 goblins
  4 hobgoblins
  2 jackals (D:2)
  2 kobolds
  11 bats
  2 frilled lizards (D:2)
  4 rats
51 creatures vanquished.

Notes
Turn   | Place    | Note
-------+----------+-------------------------------------------
     0 | D:1      | Gunnerkreig the Draconian Wizard began the quest for the
                  | Orb.
     0 | D:1      | Reached XP level 1. HP: 14/14 MP: 4/4
   487 | D:1      | Reached XP level 2. HP: 20/20 MP: 3/6
  1049 | D:2      | Found a bloodstained altar of Trog.
  1050 | D:2      | Found a stormy altar of Qazlal.
  1532 | D:2      | Reached XP level 3. HP: 26/26 MP: 2/7
  2183 | D:3      | Found a shattered altar of Ashenzari.
  2499 | D:3      | Reached XP level 4. HP: 33/33 MP: 0/9
  2987 | D:3      | Found a shadowy altar of Dithmenos.
  3195 | D:4      | Reached XP level 5. HP: 38/38 MP: 6/10
  3209 | D:4      | Learned a level 3 spell: Conjure Flame
  3213 | D:4      | Learned a level 3 spell: Mephitic Cloud
  3626 | D:4      | Found an opulent altar of Gozag.
  3825 | D:4      | Quit the game

Levels and vault maps discovered:
D:1:      dpeg_arrival_leaves_temple_mockup, layout_loops_ring,
          hangedman_abyss_or_decor_stabs
D:2:      layout_basic, gammafunk_temple_overflow_statue
D:3:      layout_loops_corners, ashenzari_conservatory_becter,
          grunt_dithmenos_smoke, first_ration
D:4:      layout_cave_pools, kennysheep_mini_moat, kennysheep_little_box,
          kennysheep_mini, minmay_temple_entry_sparse_star

Skill      XL: |  1  2  3  4  5 |
---------------+----------------+-----
Conjurations   | 2 3 4 |  4.6
Spellcasting   | 4 |  4.2
Dodging        | |  1.7
Stealth        | |  1.7
Summonings     | |  1.0
Translocations | |  1.0

Action                   |  1- 3 |  4- 6 || total
-------------------------+-------+-------++-------
Melee: Unarmed           |    20 |       ||    20
       Tailslap          |     1 |       ||     1
 Fire: Hunting sling     |    13 |    62 ||    75
 Cast: Magic Dart        |    80 |    56 ||   136
  Use: Scroll            |     2 |     4 ||     6
       Potion            |     5 |     1 ||     6
  Eat: Chunk             |     5 |     3 ||     8
Armor: Skin              |    17 |    18 ||    35
Dodge: Dodged            |    22 |    50 ||    72

Table legend:
 A = Non-vault XP
 B = Vault XP
 C = Vault XP percentage of total XP
 D = Non-vault monster count
 E = Vault monster count
 F = Vault count percentage of total count
                 A         B        C        D         E       F
            +---------+---------+-------+---------+---------+-------
      Total |     315 |       0 |   0.0 |      51 |       0 |   0.0
            +---------+---------+-------+---------+---------+-------
        D:1 |      25 |       0 |   0.0 |      10 |       0 |   0.0
        D:2 |      26 |       0 |   0.0 |      15 |       0 |   0.0
        D:3 |     154 |       0 |   0.0 |      19 |       0 |   0.0
        D:4 |     110 |       0 |   0.0 |       7 |       0 |   0.0
            +---------+---------+-------+---------+---------+-------
